 Dungeon Crawl Stone Soup version 0.31-a0-75-g6fe912e8c5 (webtiles) character file.

Game seed: 9678386994440295715

11 Esekla the Sneak (level 2, -2/21 HPs)
             Began as an Octopode Delver on May 23, 2023.
             Slain by a wyvern (4 damage)
             ... on level 5 of the Dungeon.
             The game lasted 00:02:09 (159 turns).

Esekla the Sneak (Octopode Delver)                   Turns: 159, Time: 00:02:10

Health: -2/21      AC:  1    Str: 11    XL:     2   Next: 25%
Magic:  2/2        EV: 13    Int: 12    God:
Gold:   8          SH:  0    Dex: 13    Spells: 1/1 levels left

rFire   . . .        a - +0 falchion
rCold   . . .        (no shield)
rNeg    . . .        (helmet restricted)
rPois   .            (no amulet)
rElec   .            (no ring)
rCorr   .            (no ring)
SInv    .            (no ring)
Will    .....        (no ring)
Stlth   ++++         (no ring)
HPRegen 0.23/turn    (no ring)
MPRegen 0.08/turn    (no ring)
                     (no ring)

%: no passive effects
@: no status effects
A: almost no armour, amphibious, 8 rings, camouflage 1, gelatinous body 1,
(nimble swimmer 1), tentacles
a: no special abilities


You were on level 5 of the Dungeon.
You visited 1 branch of the dungeon, and saw 1 of its levels.

You collected 8 gold pieces.

Inventory:

Hand Weapons
 a - a +0 falchion (weapon)
Wands
 c - a wand of mindburst (11)
 f - a wand of digging (3)
Scrolls
 b - a scroll of fog
 g - a scroll of enchant armour {unknown}


   Skills:
 * Level 3.1 Fighting
 * Level 2.0 Long Blades
 * Level 2.1 Dodging
 + Level 6.9 Stealth
 * Level 0.3 Spellcasting


You had one spell level left.
You didn't know any spells.
Your spell library was empty.

Dungeon Overview and Level Annotations

Branches:
Dungeon (5/15)
 Temple: D:4-7

Altars:
Elyvilon


Innate Abilities, Weirdness & Mutations

You cannot wear most types of armour.
You are amphibious.
You can wear up to eight rings at the same time.
Your skin changes colour to match your surroundings (Stealth+).
Your rubbery body absorbs attacks. (AC +1, EV +1)
((You are camouflaged when in or above water. (Stealth+)))
You have tentacles for arms and can constrict up to eight enemies at once.


Message History

Found a green potion, 11 poisoned darts and a dire flail.
There is an open door here.
An adder comes into view.
Your extra speed is starting to run out.
You open the door.
Found a white marble altar of Elyvilon.
You feel yourself slow down.
There is an open door here.
There is a white marble altar of Elyvilon here.
You close the door.
You open the door.
Found a sling.
There is an open door here.
Found a robe.
You see here a +0 sling.
Found a brass wand.
A quokka comes into view.
A wyvern comes into view.
The adder hisses angrily.
The quokka attacks as you move away! The quokka barely misses you.
You see here a wand of mindburst (11).
c - a wand of mindburst (11)
The quokka bites you. The quokka barely misses you.
The quokka attacks as you move away! The quokka bites you.
The wyvern attacks as you move away! The wyvern bites you!
Ouch! That really hurt!
* * * LOW HITPOINT WARNING * * *
The quokka attacks as you move away! The quokka closely misses you.
The wyvern completely misses you. The wyvern attacks as you move away!
The wyvern misses you. The quokka bites you.
* * * LOW HITPOINT WARNING * * *
You open the door. The wyvern bites you.
* * * LOW HITPOINT WARNING * * *
The quokka barely misses you. The wyvern barely misses you.
The quokka attacks as you move away! The quokka misses you.
There is an open door here.
You closely miss the wyvern. The wyvern closely misses you.
The wyvern bites you.
You die...

*,,,,,,*,+,+,**,*,...,,,,,,
*,,,,,,**#.#***,***#.######
*,,,,,,*,+.+,*#,* #.......
*,,,,,,**#.#*##.** ##..####
*,,,,,,*,+.+,#...###.......
*,,,,,,**#.#***#.........##
********,+.+,* ####..#####,
**#.#** #..#..)#, ###@#**
##.#!((#, ##8#l# * #.#...#*
#####..Sr#** #.#.o.+,
#.......## #.g...#,
#.......# ###.#####*
#.......# #.o..#,,,*
#.......#####**#.#..#,,,+
#.............##.#..#*+**
#................#..+,,*,


You could see a wyvern, an adder and a quokka.

Vanquished Creatures
  An adder (D:5)
  An orc (D:5)
2 creatures vanquished.

Notes
Turn   | Place    | Note
-------+----------+-------------------------------------------
     0 | D:5      | Esekla the Octopode Delver began the quest for the Orb.
     0 | D:5      | Reached XP level 1. HP: 16/16 MP: 1/1
     5 | D:5      | Noticed a hornet
    19 | D:5      | Reached XP level 2. HP: 17/21 MP: 2/2
   128 | D:5      | Found a white marble altar of Elyvilon.
   145 | D:5      | Noticed a wyvern
   159 | D:5      | Slain by a wyvern

Illustrated notes

Levels and vault maps discovered:
D:5:      corexii_shantytown, layout_basic, lemuel_doored_altar,
          lemuel_mausoleum_altar_yredelemnul

Action                     || total
---------------------------++-------
  Melee: Falchion          ||     7
         Tentacles         ||     2
         Constrict         ||     1
    Use: Scroll            ||     2
         Potion            ||     1
  Dodge: Dodged            ||    12

Table legend: (Time is in decaauts)
 A = Elapsed time spent in this place.
 B = Non-inter-level travel time spent in this place.
 C = Inter-level travel time spent in this place.
 D = Time resting spent in this place.
 E = Time spent auto-exploring this place.
 F = Levels seen in this place.
 G = Mean time per level.
                   A        B        C        D        E       F      G
               +--------+--------+--------+--------+--------+-----+--------+
         Total |    140 |    140 |      0 |      5 |      0 |   1 |  140.0 |
       Dungeon |    140 |    140 |      0 |      5 |      0 |   1 |  140.0 |
               +--------+--------+--------+--------+--------+-----+--------+

Top non-repeatable levels by time:
     D:5: 140 daAuts
